cohdb
Replays
Latest Replays
All Replays
Popular Replays
Top Player Replays
Match Explorer
How It Works
Community
CoH3 Stats
Reddit
Sign in to upload your games and track your stats! →
Sign in with Steam
Reakly vs F3riG
Match 22305821
Overview
Messages
Build Orders
End
Kradschützen Motorcycle Team
Panzergrenadier Squad
Panzergrenadier Squad
250 Light Carrier
Construct Light Support Kompanie
Combat Half-tracks
Fire Support Elements
Panzerjäger Mechanized Group
Flakvierling Half-track
2.5-tonne Medical Truck
Vehicle Survival Package
Selects Italian Infantry
Selects Guastatori Squad
Guastatori Squad
Pak 38 Mechanized Group
Selects Registered Artillery
F3riG
Reakly
0
0
Comments
sign in to comment!
No comments posted yet!